[Event "December 12 Early 2023"]
[Site "https://www.chess.com"]
[Date "2023.12.12"]
[Round "2"]
[White "Shuvalova, Polina"]
[Black "Lima, Stefan Moisei VIeira"]
[Result "1-0"]
[Board "130"]
[TimeControl "180+1"]
[WhiteFideId "24171760"]
[BlackFideId "22782273"]
[WhiteElo "2767"]
[BlackElo "2406"]
[WhiteTeam "RUS"]
[BlackTeam "BRA"]
[WhiteClock "0:00:19"]
[BlackClock "0:00:00"]

1. e4 c5 2. Nf3 d6 3. Bb5+ Bd7 4. Bxd7+ Nxd7 5. O-O Ngf6 6. Qe2 e6 7. c3 Be7 8. d4 O-O 9. Rd1 Rc8 10. e5 Nd5 11. c4 Nb4 12. dxc5 dxc5 13. Nc3 a6 14. Bf4 Nc6 15. Rd3 Qc7 16. Rad1 Rfd8 17. h4 Nf8 18. h5 Rxd3 19. Rxd3 Rd8 20. Ne4 Rxd3 21. Qxd3 Qd7 22. Qe3 Nd4 23. Nxd4 Qxd4 24. Qxd4 cxd4 25. Kf1 Nd7 26. Ke2 f6 27. exf6 gxf6 28. g4 e5 29. Bg3 Kf7 30. Bh4 Ke6 31. f3 Nb6 32. b3 Nc8 33. Be1 Nd6 34. Kd3 b6 35. Nxd6 Bxd6 36. Ke4 Ba3 37. Bd2 Bb2 38. f4 a5 39. fxe5 fxe5 40. g5 Ba3 41. Be1 Be7 42. Bd2 Bd8 43. a3 Be7 44. b4 axb4 45. axb4 Bd8 46. h6 Be7 47. b5 Bf8 48. Be1 Be7 49. Bh4 Bd8 50. Bg3 Bxg5 51. Bxe5 Bxh6 52. Bxd4 Kd6 53. Bxb6 1-0

[Event "December 12 Early 2023"]
[Site "https://www.chess.com"]
[Date "2023.12.12"]
[Round "2"]
[White "Samunenkov, Ihor"]
[Black "Matthes, Aaron"]
[Result "0-1"]
[Board "131"]
[TimeControl "180+1"]
[WhiteFideId "14187086"]
[BlackFideId "16227310"]
[WhiteElo "2743"]
[BlackElo "2405"]
[WhiteTeam "UKR"]
[BlackTeam "GER"]
[WhiteClock "0:00:00"]
[BlackClock "0:00:40"]

1. d4 Nf6 2. c4 b6 3. Nf3 Bb7 4. g3 e6 5. Bg2 Be7 6. O-O O-O 7. h4 Ne4 8. Ng5 f5 9. Nxe4 fxe4 10. Nc3 d5 11. Qb3 c6 12. Bf4 Nd7 13. cxd5 exd5 14. Nxe4 Kh8 15. Ng5 Bxg5 16. hxg5 Qe8 17. Qc2 Qe6 18. Bf3 Rae8 19. Kg2 Rf7 20. Rh1 Nf8 21. Be5 Kg8 22. Rxh7 Nxh7 23. g6 Rd7 24. gxh7+ Kh8 25. Rh1 c5 26. e3 Rf7 27. Bh5 Ref8 28. Bxf7 Qxf7 29. Rh4 Qf3+ 30. Kg1 Bc8 31. Kh2 Bf5 32. Qd2 Be4 0-1

[Event "December 12 Early 2023"]
[Site "https://www.chess.com"]
[Date "2023.12.12"]
[Round "2"]
[White "Bazyrtsyrenov, Kirill"]
[Black "Tymrakiewicz, Rafal"]
[Result "1-0"]
[Board "132"]
[TimeControl "180+1"]
[WhiteFideId "24215872"]
[BlackFideId "1108832"]
[WhiteElo "2739"]
[BlackElo "2404"]
[WhiteTeam "RUS"]
[BlackTeam "POL"]
[WhiteClock "0:00:29"]
[BlackClock "0:00:00"]

1. e4 Nf6 2. e5 Nd5 3. d4 d6 4. c4 Nb6 5. f4 dxe5 6. fxe5 c5 7. d5 e6 8. Nc3 exd5 9. cxd5 c4 10. d6 Nc6 11. Nf3 Bg4 12. Bf4 h6 13. h3 Bxf3 14. Qxf3 g5 15. Bh2 Bg7 16. O-O-O O-O 17. Qf5 Re8 18. Be2 Nxe5 19. Bh5 Qf6 20. Rhf1 Nd3+ 21. Rxd3 Qxf5 22. Rxf5 cxd3 23. Bxf7+ Kh8 24. Bxe8 Rxe8 25. Rf3 d2+ 26. Kxd2 Nc4+ 27. Kc2 Rd8 28. Rd3 Kg8 29. Kb3 Ne5 30. Rd5 Nc6 31. Ne4 b6 32. d7 Kf7 33. Bc7 Ke6 34. Rd6+ Kf5 35. Bxd8 Na5+ 36. Ka4 Kxe4 37. Bf6 Bxf6 38. Rxf6 Nb7 39. Kb5 h5 40. Kc6 Nd8+ 41. Kc7 1-0

[Event "December 12 Early 2023"]
[Site "https://www.chess.com"]
[Date "2023.12.12"]
[Round "2"]
[White "Ovezdurdyyeva, Jemal"]
[Black "Cieslak, Patryk"]
[Result "1-0"]
[Board "133"]
[TimeControl "180+1"]
[WhiteFideId "14001888"]
[BlackFideId "21078882"]
[WhiteElo "2403"]
[BlackElo "2711"]
[WhiteTeam "TKM"]
[BlackTeam "POL"]
[WhiteClock "0:01:44"]
[BlackClock "0:00:00"]

1. e4 g6 2. d4 Bg7 3. Nc3 c6 4. Nf3 d5 5. e5 h5 6. Bd3 Nh6 7. Bg5 Bg4 8. h3 Bxf3 9. Qxf3 Qb6 10. O-O-O e6 11. Bf6 Bxf6 12. Qxf6 Rh7 13. g4 Nd7 14. Qg5 Qd8 15. Qxd8+ Rxd8 16. gxh5 Nf5 17. hxg6 fxg6 18. Bxf5 gxf5 19. Ne2 Kf7 20. Rdg1 Rdh8 21. Rg3 Rh4 22. Rhg1 R8h7 23. Rg8 Rxh3 24. Ra8 Rh1 25. Rxh1 Rxh1+ 26. Kd2 Nb6 27. Rxa7 Nc4+ 28. Kc3 Rh3+ 29. Kb4 Rf3 30. Rxb7+ Kg6 31. Kc5 Rxf2 32. Nc3 f4 33. Rb8 Ne3 34. Rg8+ Kf5 35. Rf8+ Kg4 36. Kd6 Nf5+ 37. Kxe6 Nxd4+ 38. Kd7 f3 39. e6 Re2 40. e7 Rxe7+ 41. Kxe7 Nf5+ 42. Rxf5 Kxf5 43. Nd1 Ke4 44. a4 c5 45. a5 f2 46. Nxf2+ Kd4 47. a6 Kc4 48. a7 Kb5 49. a8=Q 1-0

[Event "December 12 Early 2023"]
[Site "https://www.chess.com"]
[Date "2023.12.12"]
[Round "2"]
[White "Rosenberg, Evan S"]
[Black "Aaditya Dhingra"]
[Result "0-1"]
[Board "134"]
[TimeControl "180+1"]
[WhiteFideId "2019299"]
[BlackFideId "25678191"]
[WhiteElo "2403"]
[BlackElo "2687"]
[WhiteTeam "USA"]
[BlackTeam "IND"]
[WhiteClock "0:00:07"]
[BlackClock "0:00:53"]

1. Nf3 g6 2. e4 Bg7 3. d4 c6 4. Be3 d5 5. e5 h5 6. c3 Nh6 7. h3 Nf5 8. Bg5 Nd7 9. Bd3 Nf8 10. Qe2 Nh6 11. Bc2 Bf5 12. Bb3 Ne6 13. Bd2 Be4 14. Na3 Nf5 15. Nc2 Bh6 16. O-O-O Bxd2+ 17. Qxd2 a5 18. Ne3 Bxf3 19. gxf3 Neg7 20. h4 e6 21. c4 Nxh4 22. cxd5 cxd5 23. Kb1 Nxf3 24. Ba4+ Kf8 25. Qe2 Ng5 26. Rc1 Qb6 27. Rhd1 Nf5 28. Nxf5 exf5 29. Rc3 Ne6 30. Rb3 Qa7 31. Qd2 Kg7 32. Rb5 Rhd8 33. Bb3 Nc7 34. Rc5 b6 35. Rc3 a4 36. Bc2 Ne6 37. Rg3 f4 38. Rgg1 Qe7 39. Qe2 Rh8 40. a3 Rh6 41. Rg2 h4 42. Rdg1 h3 43. Rh2 Nxd4 44. Qd3 Nxc2 45. Qxc2 Qxe5 46. Ka2 f3 47. Rg3 Rah8 48. Rxf3 Qxh2 0-1

[Event "December 12 Early 2023"]
[Site "https://www.chess.com"]
[Date "2023.12.12"]
[Round "2"]
[White "Hua, Lefong"]
[Black "Garrido, Denis"]
[Result "0-1"]
[Board "135"]
[TimeControl "180+1"]
[WhiteFideId "2602253"]
[BlackFideId "601217"]
[WhiteElo "2686"]
[BlackElo "2402"]
[WhiteTeam "CAN"]
[BlackTeam "FRA"]
[WhiteClock "0:01:08"]
[BlackClock "0:00:31"]

1. d4 Nf6 2. c4 c5 3. d5 d6 4. Nc3 g6 5. e4 Bg7 6. f4 O-O 7. Nf3 e6 8. Be2 exd5 9. cxd5 Bg4 10. O-O Nbd7 11. Re1 Re8 12. h3 Bxf3 13. Bxf3 c4 14. Be3 a6 15. Bd4 b5 16. e5 dxe5 17. fxe5 Nh5 18. g4 Nf4 19. e6 Nd3 20. Bxg7 Kxg7 21. Re2 N7e5 22. Bg2 fxe6 23. dxe6 Qb6+ 24. Kh2 Rad8 25. Qf1 Qxe6 26. Rd1 Rf8 27. Qg1 Qd6 28. Kh1 Qf6 29. Ne4 Qh4 30. Rf1 Nxg4 31. Qa7+ Kh6 32. Rf7 Rxf7 33. Qxf7 Nge5 34. Nf6 Nxf7 0-1

[Event "December 12 Early 2023"]
[Site "https://www.chess.com"]
[Date "2023.12.12"]
[Round "2"]
[White "Skaric, Djuro"]
[Black "Kislinsky, Alexey"]
[Result "1/2-1/2"]
[Board "136"]
[TimeControl "180+1"]
[WhiteFideId "934569"]
[BlackFideId "14108801"]
[WhiteElo "2400"]
[BlackElo "2665"]
[WhiteTeam "SRB"]
[BlackTeam "CZE"]
[WhiteClock "0:00:06"]
[BlackClock "0:00:04"]

1. g3 d5 2. Bg2 c6 3. d3 e5 4. Nf3 Bd6 5. O-O Nf6 6. Nc3 O-O 7. e4 Re8 8. h3 Nbd7 9. Nd2 Qc7 10. exd5 cxd5 11. Nxd5 Nxd5 12. Bxd5 Nf6 13. Bg2 Be6 14. Nb3 Rac8 15. c3 Qd7 16. Be3 Bxh3 17. d4 Bxg2 18. Kxg2 Qc6+ 19. Qf3 e4 20. Qf5 Qd5 21. Qxd5 Nxd5 22. Rfe1 f5 23. Rac1 b5 24. Na1 a5 25. Nc2 b4 26. Bd2 bxc3 27. bxc3 Nxc3 28. Ne3 Nxa2 29. Rxc8 Rxc8 30. Bxa5 g6 31. Ra1 Nb4 32. Ra4 Nd3 33. Bb6 f4 34. gxf4 Bxf4 35. d5 Re8 36. Ng4 Rb8 37. Bd4 Bg5 38. d6 Rd8 39. Ra6 Nf4+ 40. Kf1 Rd7 41. Ne3 Ne6 42. Be5 Bxe3 43. fxe3 Kf7 44. Ra8 g5 45. Ra4 Nc5 46. Rc4 Nb7 47. Rxe4 Nxd6 48. Rd4 Ke6 49. Bh2 Nf5 50. Re4+ Kf6 51. Ke2 Re7 52. Rxe7 Kxe7 53. Kf3 h5 54. Bc7 Ke6 55. Bd8 Ne7 56. Ke4 h4 57. Kf3 Kd7 58. Ba5 Nf5 59. e4 Nh6 60. Be1 Ke6 61. Ke3 Kf6 62. Bc3+ Kg6 63. Kf3 Nf7 64. Kg4 Kh6 65. Bf6 Kg6 66. Bd4 Nh6+ 67. Kh3 Kh5 68. Bf6 g4+ 69. Kg2 h3+ 70. Kg3 Ng8 71. Bh4 Nh6 72. Bf6 Ng8 73. Bh4 Nh6 74. Bf6 1/2-1/2

[Event "December 12 Early 2023"]
[Site "https://www.chess.com"]
[Date "2023.12.12"]
[Round "2"]
[White "Kleiman, Jake"]
[Black "Parra Gomez, Adrian"]
[Result "0-1"]
[Board "137"]
[TimeControl "180+1"]
[WhiteFideId "2020041"]
[BlackFideId "3513106"]
[WhiteElo "2644"]
[BlackElo "2399"]
[WhiteTeam "USA"]
[BlackTeam "CUB"]
[WhiteClock "0:00:41"]
[BlackClock "0:01:07"]

1. e4 c5 2. c3 d6 3. d4 cxd4 4. cxd4 Nf6 5. Nc3 Nc6 6. Nf3 d5 7. e5 Ne4 8. Bd3 Bf5 9. O-O e6 10. Re1 Nxc3 11. bxc3 Bxd3 12. Qxd3 Be7 13. Rb1 b6 14. c4 dxc4 15. Qxc4 Rc8 16. Qd3 O-O 17. Bd2 Qd7 18. Bg5 h6 19. Be3 Rfd8 20. Qe4 Qd5 21. Qg4 Kf8 22. a4 Nb4 23. Qh5 Nc2 24. Re2 Nxe3 25. fxe3 Qe4 26. Rf1 Kg8 27. Nd2 Qg6 28. Qxg6 fxg6 29. Ne4 Rc4 30. Rfe1 Rxa4 31. Rc1 Rf8 32. Rc7 Ra1+ 0-1

[Event "December 12 Early 2023"]
[Site "https://www.chess.com"]
[Date "2023.12.12"]
[Round "2"]
[White "Darmanin, Jake"]
[Black "DHLT216"]
[Result "1-0"]
[Board "138"]
[TimeControl "180+1"]
[WhiteFideId "5601061"]
[WhiteElo "2399"]
[BlackElo "2640"]
[WhiteTeam "MLT"]
[WhiteClock "0:00:31"]
[BlackClock "0:00:37"]

1. e4 c5 2. Nf3 d6 3. c3 Nf6 4. h3 g6 5. Bd3 Bg7 6. Bc2 O-O 7. O-O Nc6 8. d4 cxd4 9. cxd4 Nb4 10. Bb3 a5 11. a3 Na6 12. Nc3 Bd7 13. Qe2 Qb6 14. Bc4 Rac8 15. Be3 Qc7 16. Ba2 Be6 17. e5 Bxa2 18. Rxa2 dxe5 19. dxe5 Nd7 20. Nd5 Qd8 21. Rd1 Nxe5 22. Nxe5 Bxe5 23. Nf6+ Bxf6 24. Rxd8 Rfxd8 25. Ra1 Nc5 26. Rc1 b6 27. b4 axb4 28. axb4 Ne4 29. Rxc8 Rxc8 30. Bxb6 Rc1+ 31. Kh2 Nc3 32. Qd2 Rd1 33. Qc2 h5 34. g3 h4 35. gxh4 Re1 36. Qd3 Rb1 37. Bc5 Na4 38. Qxb1 1-0

[Event "December 12 Early 2023"]
[Site "https://www.chess.com"]
[Date "2023.12.12"]
[Round "2"]
[White "Manon-og, Ramon Jr."]
[Black "Golubev, Mikhail"]
[Result "0-1"]
[Board "139"]
[TimeControl "180+1"]
[WhiteFideId "5200776"]
[BlackFideId "14100983"]
[WhiteElo "2393"]
[BlackElo "2636"]
[WhiteTeam "PHI"]
[BlackTeam "UKR"]
[WhiteClock "0:00:04"]
[BlackClock "0:00:40"]

1. e4 c5 2. Nf3 d6 3. Bb5+ Bd7 4. Bxd7+ Qxd7 5. c4 g6 6. Nc3 Bg7 7. d3 Nc6 8. O-O Nf6 9. Bg5 h6 10. Bh4 O-O 11. h3 Nh5 12. Qd2 g5 13. Bxg5 hxg5 14. Qxg5 Nf6 15. Nh4 e6 16. f4 Nh7 17. Qg4 f5 18. Qg6 Rf6 19. Qg3 Nd4 20. Rae1 Rh6 21. exf5 Qd8 22. Nf3 Nxf5 23. Qg4 Nf6 24. Qg5 Qd7 25. Ne4 Rf8 26. Nxf6+ Rfxf6 27. g4 Rfg6 28. gxf5 exf5 29. Kg2 Rxg5+ 30. fxg5 Re6 31. Rxe6 Qxe6 32. Re1 Qg6 33. h4 Qh5 0-1

[Event "December 12 Early 2023"]
[Site "https://www.chess.com"]
[Date "2023.12.12"]
[Round "2"]
[White "Di Nicolantonio, Lucas"]
[Black "Balla, Tamas-Kristof"]
[Result "0-1"]
[Board "140"]
[TimeControl "180+1"]
[WhiteFideId "680460"]
[BlackFideId "1208497"]
[WhiteElo "2613"]
[BlackElo "2386"]
[WhiteTeam "FRA"]
[BlackTeam "ROU"]
[WhiteClock "0:00:34"]
[BlackClock "0:00:10"]

1. Nf3 c5 2. e3 Nc6 3. d4 cxd4 4. exd4 d5 5. Bb5 Nf6 6. O-O Bg4 7. h3 Bh5 8. g4 Bg6 9. Ne5 Rc8 10. c4 e6 11. Qa4 Qb6 12. c5 Qc7 13. Bf4 Bxb1 14. Raxb1 g5 15. Bg3 a6 16. Bxc6+ bxc6 17. Ng6 Qb7 18. Nxh8 Bg7 19. Nxf7 Kxf7 20. Be5 h5 21. f4 Kg8 22. fxg5 Ne4 23. g6 Bxe5 24. Rf7 Qb8 25. dxe5 Qxe5 26. Qb3 Qd4+ 27. Kg2 Qd2+ 28. Kg1 hxg4 29. hxg4 Qd4+ 30. Kg2 Qd2+ 31. Kg1 Qd4+ 32. Kh1 Nd2 33. Qh3 Qe4+ 34. Kg1 Qxb1+ 35. Kh2 Qxg6 36. Rf2 Ne4 37. Rf4 Rf8 38. Rxf8+ Kxf8 39. Qh8+ Ke7 40. Qc8 Qxg4 41. Qc7+ Kf6 42. Qd8+ Ke5 43. Qh8+ Kf4 44. Qf8+ Ke3 0-1

[Event "December 12 Early 2023"]
[Site "https://www.chess.com"]
[Date "2023.12.12"]
[Round "2"]
[White "Semenenko, Dmytry"]
[Black "Kim, Sergey"]
[Result "0-1"]
[Board "141"]
[TimeControl "180+1"]
[WhiteFideId "14118645"]
[BlackFideId "13700570"]
[WhiteElo "2386"]
[BlackElo "2606"]
[WhiteTeam "UKR"]
[BlackTeam "KAZ"]
[WhiteClock "0:00:05"]
[BlackClock "0:00:10"]

1. Nf3 Nf6 2. c4 g6 3. d4 Bg7 4. Nc3 d6 5. e4 O-O 6. Be2 e5 7. dxe5 dxe5 8. Bg5 c6 9. O-O Na6 10. Qc2 Qc7 11. a3 Nc5 12. b4 Ne6 13. Rad1 Nxg5 14. Nxg5 a5 15. c5 axb4 16. axb4 h6 17. Nf3 Be6 18. Rd6 Nh5 19. g3 Rfd8 20. Rfd1 Bf8 21. Rxd8 Rxd8 22. Rxd8 Qxd8 23. Nxe5 Bg7 24. Nf3 Qf6 25. e5 Qd8 26. Ne4 Qd5 27. Nd6 Bxe5 28. Nxe5 Qxe5 29. Nxb7 Bd5 30. Nd6 Nf6 31. Nc4 Qa1+ 32. Bf1 Ne4 33. Ne3 Ng5 34. Qd1 Nf3+ 35. Kg2 Ne1+ 36. Kh3 Be6+ 37. g4 Qc3 38. Qe2 h5 39. f3 hxg4+ 40. fxg4 Nc2 41. Qxc2 Qxe3+ 42. Kg2 Bd5+ 43. Qe4 Bxe4# 0-1

[Event "December 12 Early 2023"]
[Site "https://www.chess.com"]
[Date "2023.12.12"]
[Round "2"]
[White "Sahib Singh"]
[Black "Donchenko, Anatoly"]
[Result "1-0"]
[Board "142"]
[TimeControl "180+1"]
[WhiteFideId "25618342"]
[BlackFideId "4106091"]
[WhiteElo "2602"]
[BlackElo "2382"]
[WhiteTeam "IND"]
[BlackTeam "GER"]
[WhiteClock "0:01:23"]
[BlackClock "0:01:23"]

1. e4 Nf6 2. e5 Nd5 3. c4 Nb6 4. d4 d6 5. exd6 exd6 6. Nc3 Nc6 7. h3 Be7 8. Nf3 O-O 9. Be3 Bf5 10. d5 Nb8 11. g4 Bg6 12. h4 h6 13. h5 Bh7 14. Qd2 Re8 15. O-O-O f6 16. Nd4 N8d7 17. Ne6 Qc8 18. f4 Nf8 19. f5 Nfd7 20. Ne4 Ne5 21. Bxh6 Nbxc4 22. Bxc4 Nxc4 23. Qf4 Bf8 24. Nxf6+ gxf6 25. Bxf8 Rxf8 26. Nxf8 Qxf8 27. Qxc4 c6 28. dxc6+ Kh8 29. cxb7 Rb8 30. Qc7 Bg8 31. Kb1 1-0

[Event "December 12 Early 2023"]
[Site "https://www.chess.com"]
[Date "2023.12.12"]
[Round "2"]
[White "Topalov, Aleksandar"]
[Black "Shubenkova, Veronika"]
[Result "0-1"]
[Board "143"]
[TimeControl "180+1"]
[WhiteFideId "925659"]
[BlackFideId "44124040"]
[WhiteElo "2381"]
[BlackElo "2587"]
[WhiteTeam "SRB"]
[BlackTeam "RUS"]
[WhiteClock "0:00:00"]
[BlackClock "0:00:04"]

1. b3 d5 2. Bb2 e6 3. Nf3 f5 4. g3 Nf6 5. Bg2 c6 6. O-O Bd6 7. d3 O-O 8. Nbd2 Bc7 9. e4 fxe4 10. dxe4 Na6 11. Qe2 Nc5 12. e5 Nfd7 13. Bh3 Qe7 14. Qe3 Bb6 15. Bd4 Na6 16. c4 Bxd4 17. Nxd4 Nc7 18. cxd5 exd5 19. f4 Nc5 20. Bxc8 Raxc8 21. Rac1 N5e6 22. Nxe6 Qxe6 23. Qxa7 Rb8 24. Nf3 Nb5 25. Qb6 h6 26. a4 Ra8 27. axb5 Ra2 28. Qxb7 Qh3 29. Rf2 Rfa8 30. Qxc6 Kh7 31. Rcc2 Ra1+ 32. Rc1 R1a2 33. Qxd5 Rxf2 34. Kxf2 Ra2+ 35. Nd2 Qxh2+ 36. Ke3 Qxg3+ 37. Qf3 Qh2 38. Qe4+ g6 39. Rc2 Qg1+ 40. Kd3 Ra7 41. Kc3 Rc7+ 42. Kb2 Ra7 43. Kc3 Qa1+ 44. Kd3 Rd7+ 45. Ke2 Qg1 46. f5 Qh2+ 47. Ke3 Qg3+ 48. Qf3 Qxe5+ 49. Qe4 Qg3+ 50. Qf3 Qg5+ 51. Qf4 Re7+ 52. Kf3 Qh5+ 53. Qg4 Qh1+ 0-1

[Event "December 12 Early 2023"]
[Site "https://www.chess.com"]
[Date "2023.12.12"]
[Round "2"]
[White "Manukian, Artak"]
[Black "La Villa Rivas, Marlon Javier"]
[Result "1-0"]
[Board "144"]
[TimeControl "180+1"]
[WhiteFideId "13301373"]
[BlackFideId "3519546"]
[WhiteElo "2587"]
[BlackElo "2373"]
[WhiteTeam "ARM"]
[BlackTeam "CUB"]
[WhiteClock "0:00:13"]
[BlackClock "0:00:06"]

1. e4 e6 2. d4 d5 3. e5 c5 4. c3 Bd7 5. Nf3 Qb6 6. a3 cxd4 7. cxd4 Bb5 8. Bxb5+ Qxb5 9. Nc3 Qa6 10. b4 Bxb4 11. axb4 Qxa1 12. Nb5 Na6 13. Nd6+ Kf8 14. O-O Nh6 15. Ng5 Nxb4 16. Ngxf7 Qc3 17. Nxh6 gxh6 18. Bxh6+ Ke7 19. Qh5 Rag8 20. Qf7+ Kd8 21. Nxb7+ Kc8 22. Nd6+ Kd8 23. Bg5+ Rxg5 24. Qf6+ Kc7 25. Qxg5 Kb6 26. Qe7 Qc7 27. Qxe6 Qc6 28. Rb1 a5 29. Qh3 Rf8 30. Qe3 Qc2 31. Rf1 Rg8 32. e6 Qg6 33. g3 Nc6 34. Nf7 Ne7 35. Qb3+ Ka6 36. Ne5 Qxe6 37. Rb1 a4 38. Qb7+ Ka5 39. Rb5# 1-0

[Event "December 12 Early 2023"]
[Site "https://www.chess.com"]
[Date "2023.12.12"]
[Round "2"]
[White "Attacker_2006"]
[Black "Ozcan, Kaan"]
[Result "0-1"]
[Board "145"]
[TimeControl "180+1"]
[BlackFideId "34566422"]
[WhiteElo "2586"]
[BlackElo "2372"]
[BlackTeam "TUR"]
[WhiteClock "0:00:00"]
[BlackClock "0:00:17"]

1. c4 Nf6 2. Nf3 e6 3. g3 d5 4. Bg2 Nbd7 5. O-O dxc4 6. Qa4 Be7 7. Qxc4 O-O 8. d4 Rb8 9. Nc3 a6 10. Bf4 Bd6 11. Ne5 Nh5 12. Ne4 Nxf4 13. gxf4 Bxe5 14. fxe5 b5 15. Qc2 Bb7 16. f4 Nb6 17. e3 Nd5 18. Rae1 h6 19. f5 Qh4 20. Ng3 Qg5 21. f6 Nxe3 22. Rxe3 Qxe3+ 23. Kh1 Bxg2+ 24. Qxg2 g6 25. Ne2 Rfd8 26. Rf3 Qe4 27. Rc3 Qxg2+ 28. Kxg2 Rd7 29. Kf3 Kf8 30. Ke4 Rb6 31. Nf4 Ke8 32. Rh3 h5 33. Rg3 Rc6 34. Nxh5 Rc4 35. Ng7+ Kf8 36. Rd3 c5 37. Ra3 Rcxd4+ 38. Ke3 Ra4 39. Rc3 c4 40. Ke2 Rxa2 41. Rh3 Rxb2+ 42. Ke1 Kg8 43. Ra3 Ra7 44. Kd1 Rb3 45. Ra2 Rd7+ 46. Kc1 Ra7 47. Rd2 Rd3 48. Rg2 Rad7 49. h4 a5 50. h5 c3 51. hxg6 Rd1+ 52. Kc2 R1d2+ 53. Rxd2 cxd2 54. gxf7+ Kxf7 55. Kd1 a4 0-1

[Event "December 12 Early 2023"]
[Site "https://www.chess.com"]
[Date "2023.12.12"]
[Round "2"]
[White "Vestby-Ellingsen, Mads"]
[Black "NovakRatko"]
[Result "1-0"]
[Board "146"]
[TimeControl "180+1"]
[WhiteFideId "1520857"]
[WhiteElo "2577"]
[BlackElo "2368"]
[WhiteTeam "NOR"]
[WhiteClock "0:00:39"]
[BlackClock "0:00:14"]

1. e4 d5 2. exd5 c6 3. dxc6 Nxc6 4. Nf3 e5 5. Nc3 Bd6 6. Bb5 Ne7 7. O-O O-O 8. Re1 Bg4 9. h3 Bh5 10. Be2 a6 11. d3 Qc7 12. Nd2 Bg6 13. Nc4 Bc5 14. a4 Nd4 15. Bf1 f5 16. Nxe5 Qb6 17. a5 Qc7 18. Na4 Ba7 19. c3 Ndc6 20. Nxg6 Nxg6 21. b4 f4 22. d4 f3 23. g3 Rad8 24. Bg5 Rd5 25. Bc4 Nxb4 26. Bxd5+ Nxd5 27. Qb3 Qf7 28. Nc5 Rb8 29. Rab1 h6 30. Bd2 Kh7 31. Re6 Nc7 32. Re4 Qf5 33. g4 Qd5 34. Qxd5 Nxd5 35. Rxb7 Rxb7 36. Nxb7 1-0

[Event "December 12 Early 2023"]
[Site "https://www.chess.com"]
[Date "2023.12.12"]
[Round "2"]
[White "Melikhov, Evgeny V."]
[Black "Kopczynski, Michal"]
[Result "1-0"]
[Board "147"]
[TimeControl "180+1"]
[WhiteFideId "4122046"]
[BlackFideId "1124200"]
[WhiteElo "2364"]
[BlackElo "2576"]
[WhiteTeam "GRE"]
[BlackTeam "POL"]
[WhiteClock "0:00:11"]
[BlackClock "0:00:00"]

1. d4 Nf6 2. c4 g6 3. Nc3 Bg7 4. e4 d6 5. f3 O-O 6. Be3 e5 7. d5 Nh5 8. Qd2 f5 9. O-O-O f4 10. Bf2 a6 11. Nge2 b5 12. c5 Nd7 13. c6 Nb6 14. Kb1 Nc4 15. Qc2 b4 16. Na4 Ne3 17. Bxe3 fxe3 18. Nc1 Bh6 19. Nd3 a5 20. Be2 Ba6 21. b3 Bb5 22. Nab2 a4 23. Nxb4 axb3 24. axb3 Bxe2 25. Qxe2 Qb8 26. N2d3 Nf4 27. Qc2 Qa7 28. Kb2 e2 29. Ra1 Qd4+ 30. Qc3 Nxg2 31. Qxd4 exd4 32. Rxa8 Rxa8 33. Nc2 Bd2 34. Nxd4 e1=Q 35. Nxe1 Nxe1 36. Rf1 Be3 37. Ne6 Nd3+ 38. Kc3 Nc5 39. Nxc7 Rc8 40. Nb5 Bf4 41. h4 Rb8 42. Kc4 Nxb3 43. Rb1 Nd2+ 44. Kd3 Nxb1 45. Na7 Rb3+ 46. Kc2 Rc3+ 47. Kxb1 Bg3 48. Kb2 Rc5 49. Kb3 Bxh4 50. Kb4 Bd8 51. Nc8 Bc7 52. e5 Rxd5 53. Ne7+ Kf7 54. Nxd5 dxe5 55. Nxc7 Ke7 56. Nd5+ Kd6 57. c7 Kd7 58. Kc5 h5 59. Kb6 h4 60. Kb7 Kd6 61. c8=Q Kxd5 62. Qh3 g5 63. Qg4 e4 64. fxe4+ Ke5 65. Qxg5+ Kxe4 66. Qxh4+ 1-0

[Event "December 12 Early 2023"]
[Site "https://www.chess.com"]
[Date "2023.12.12"]
[Round "2"]
[White "Nita, Lucian"]
[Black "Gong, Qianyun"]
[Result "1-0"]
[Board "148"]
[TimeControl "180+1"]
[WhiteFideId "1206923"]
[BlackFideId "8602425"]
[WhiteElo "2363"]
[BlackElo "2575"]
[WhiteTeam "ROU"]
[BlackTeam "SGP"]
[WhiteClock "0:00:17"]
[BlackClock "0:00:21"]

1. e4 e6 2. d3 c5 3. Nd2 Nc6 4. Ngf3 g6 5. g3 Bg7 6. Bg2 Nge7 7. O-O O-O 8. c3 e5 9. Nc4 d6 10. a4 Kh8 11. Bd2 f5 12. Qc2 Be6 13. Rae1 fxe4 14. Rxe4 d5 15. Rxe5 Nxe5 16. Ncxe5 Nc6 17. d4 cxd4 18. Nxc6 bxc6 19. cxd4 Rc8 20. Bb4 Bf5 21. Qd2 Re8 22. Bc5 Qd7 23. Ne5 Bxe5 24. dxe5 Qe6 25. f4 Rc7 26. b4 h6 27. a5 Kh7 28. h4 Rf7 29. Kh2 Rg8 30. Qd4 g5 31. fxg5 hxg5 32. Bxa7 Qh6 33. Bh3 Bg6 34. Rxf7+ Bxf7 35. e6 Bg6 36. e7 Re8 37. Bc5 gxh4 38. Qxh4 Bh5 39. Bf5+ Kg7 40. Bd4+ Kg8 41. Qf6 Qd2+ 42. Kh3 Rxe7 43. Qh8+ Kf7 44. Qh7+ Ke8 45. Qxh5+ Kd8 46. Bf6 Qe1 47. Qh8+ Kc7 48. Bxe7 Qh1+ 49. Kg4 Qxh8 50. Bc5 Qg7+ 51. Kf4 Qc3 52. g4 Qd2+ 53. Ke5 Qe2+ 54. Kf6 Qe8 55. a6 Qf8+ 56. Ke5 Qe8+ 57. Be6 Qh8+ 58. Kf4 Qf6+ 59. Bf5 Qb2 60. a7 Qd2+ 61. Ke5 Qh2+ 62. Kf6 Qh8+ 63. Kf7 Qa8 64. g5 Kb7 65. g6 Qd8 66. g7 Qc7+ 67. Kf6 Qd8+ 68. Kf7 Qc7+ 69. Be7 Qe5 70. Be6 Qf4+ 71. Bf6 Qxb4 72. g8=Q Kxa7 73. Qc8 Qf4 74. Qd7+ Kb6 75. Ke7 Qb4+ 76. Qd6 Qxd6+ 77. Kxd6 Kb5 78. Bd4 Kc4 79. Bc5 Kb5 80. Bd7 Kc4 81. Bxc6 d4 82. Bd5+ Kd3 83. Ke5 Kc3 84. Bxd4+ Kb4 85. Kd6 Kb5 86. Kc7 Ka6 87. Kc6 Ka5 88. Kc5 Ka6 89. Bc4+ Ka7 90. Kd6+ Kb7 91. Kd7 Kb8 92. Kc6 Ka8 93. Be6 Kb8 94. Kb6 Ka8 95. Bc5 Kb8 96. Bd6+ Ka8 97. Bd5# 1-0

[Event "December 12 Early 2023"]
[Site "https://www.chess.com"]
[Date "2023.12.12"]
[Round "2"]
[White "Gutkin, Ilya"]
[Black "Sharapov, Evgeny"]
[Result "0-1"]
[Board "149"]
[TimeControl "180+1"]
[WhiteFideId "16203470"]
[BlackFideId "14103133"]
[WhiteElo "2363"]
[BlackElo "2537"]
[WhiteTeam "GER"]
[BlackTeam "UKR"]
[WhiteClock "0:00:00"]
[BlackClock "0:01:44"]

1. e4 c5 2. Nf3 d6 3. Bb5+ Nd7 4. O-O Nf6 5. Re1 a6 6. Bf1 e5 7. c3 Be7 8. d4 O-O 9. Bg5 h6 10. Bxf6 Bxf6 11. dxe5 Nxe5 12. Nbd2 Qc7 13. Nxe5 Bxe5 14. Nc4 b5 15. Ne3 Bb7 16. Nd5 Bxd5 17. Qxd5 Qb6 18. g3 b4 19. cxb4 Qxb4 20. Rab1 Qd4 21. Red1 Qxd5 22. Rxd5 Rfd8 23. b3 a5 24. Bb5 Kf8 25. Rbd1 Ke7 26. f4 Bd4+ 27. Kg2 Rab8 28. a4 f6 29. Kf3 Rf8 30. Rc1 Rg8 31. Rxd4 cxd4 32. Rc7+ Kd8 33. Rd7+ Kc8 34. Rxd6 Rd8 35. Rxd8+ Kxd8 36. Ke2 Kc7 37. Kd3 Rd8 38. e5 fxe5 39. fxe5 Rd5 40. Ke4 Rd8 41. g4 g5 42. h3 Rf8 43. Kxd4 Rf3 44. Kd5 Kd8 45. Kc5 Rxh3 46. Kb6 h5 47. gxh5 g4 48. Kxa5 g3 49. Bc6 Rxh5 50. b4 Rxe5+ 51. b5 Kc7 52. Ba8 Kb8 53. Bg2 Re2 54. Bf3 Rf2 55. Bd5 g2 56. Bxg2 Rxg2 57. Ka6 Rg6+ 58. b6 Rg5 59. a5 Rh5 60. b7 Rh6+ 0-1

[Event "December 12 Early 2023"]
[Site "https://www.chess.com"]
[Date "2023.12.12"]
[Round "2"]
[White "Zaksaite, Salomeja"]
[Black "Khamdamova, Afruza"]
[Result "1-0"]
[Board "150"]
[TimeControl "180+1"]
[WhiteFideId "12801496"]
[BlackFideId "14210444"]
[WhiteElo "2359"]
[BlackElo "2532"]
[WhiteTeam "LTU"]
[BlackTeam "UZB"]
[WhiteClock "0:00:02"]
[BlackClock "0:00:02"]

1. e3 e5 2. d4 exd4 3. exd4 Nf6 4. Bd3 d5 5. Nc3 Be7 6. Bg5 O-O 7. Qd2 c5 8. dxc5 Bxc5 9. O-O-O Be6 10. Nge2 Nc6 11. Nf4 h6 12. Bh4 Rc8 13. Rhe1 Bb4 14. a3 Ba5 15. Nh5 Ne4 16. Rxe4 g5 17. Ra4 d4 18. Qe2 gxh4 19. Qe4 Qg5+ 20. f4 Qg6 21. f5 Qg5+ 22. Nf4 dxc3 23. fxe6 cxb2+ 24. Kb1 Qg7 25. Nh5 Qg6 26. exf7+ Qxf7 27. Nf6+ Kg7 28. Nh5+ Kg8 29. Qg4+ Kh8 30. Rf4 Qg8 31. Rxf8 Qxf8 32. Qg6 Ne5 33. Qh7# 1-0